 Dungeon Crawl Stone Soup version 0.21-a0-55-gb612c23 (webtiles) character file.

32 grindst0ne the Sneak (level 3, -2/24 HPs)
             Began as a Vampire Enchanter on June 15, 2017.
             Slain by an adder (4 damage)
             ... on level 1 of the Dungeon.
             The game lasted 00:03:10 (2102 turns).

grindst0ne the Sneak (Vampire Enchanter)            Turns: 2102, Time: 00:03:10

Health: -2/24      AC:  2    Str:  7    XL:     3   Next: 10%
Magic:  0/6        EV: 13    Int: 17    God:
Gold:   67         SH:  0    Dex: 15    Spells: 3/6 levels left

rFire    . . .     SeeInvis +   a - +1 dagger
rCold    + + .     Gourm    .   (no shield)
rNeg     + + +     Faith    .   b - +0 robe
rPois    ∞         Spirit   .   (no helmet)
rElec    .         Reflect  .   (no cloak)
rCorr    .         Harm     .   (no gloves)
MR       .....                  (no boots)
Stlth    +++++.....             (no amulet)
HPRegen  0.00/turn              (no ring)
MPRegen  0.10/turn              (no ring)

@: bloodless, non-regenerating
A: fangs 3, see invisible, unbreathing
a: Bat Form


You were on level 1 of the Dungeon.
You were bloodless.

You visited 1 branch of the dungeon, and saw 2 of its levels.

You collected 67 gold pieces.

Inventory:

Hand Weapons
 a - a +1 dagger (weapon)
Armour
 b - a +0 robe (worn)
Jewellery
 k - an uncursed ring of fire {unknown}
Scrolls
 e - a scroll of recharging {unknown}
 i - a scroll of teleportation {unknown}
 j - a scroll of identify {unknown}
 l - a scroll of fog {unknown}
Potions
 d - 12 potions of blood
 f - a potion of haste {unknown}
 g - 2 potions of agility {unknown}
 h - 2 potions of heal wounds {unknown}
Books
 c - a book of Maledictions

   Spells                             Type                      Level
   a - Corona                         Hexes                        1
   b - Ensorcelled Hibernation        Hexes/Ice                    2
   c - Confuse                        Hexes                        3
   d - Tukima's Dance                 Hexes                        3
   e - Dazzling Spray                 Conjuration/Hexes            3


   Skills:
 - Level 1.1 Short Blades
 - Level 2.1 Dodging
 + Level 5.5 Stealth
 - Level 2.0 Spellcasting
 + Level 5.4 Hexes


You had 3 spell levels left.
You knew the following spells:

 Your Spells              Type           Power        Failure   Level  Hunger
a - Corona                Hex            ###....      1%          1    #......
b - Ensorcelled Hibernat  Hex/Ice        ##....       10%         2    ###....


Dungeon Overview and Level Annotations

Branches:
Dungeon (2/15)

Altars:
Okawaru


Innate Abilities, Weirdness & Mutations

You do not heal naturally.
You are immune to poison.
You have razor-sharp teeth.
You have supernaturally acute eyesight. (SInv)
You can survive without breathing.


Message History

A giant cockroach comes into view.
The giant cockroach closely misses you.
You hit the giant cockroach.
The giant cockroach is heavily wounded.
The giant cockroach closely misses you.
You hit the giant cockroach but do no damage.
The giant cockroach is heavily wounded.
The giant cockroach closely misses you. The adder bites you.
* * * LOW HITPOINT WARNING * * *
The giant cockroach closely misses you.
Casting: Ensorcelled Hibernation
Confirm with . or Enter, or press ? or * to list all spells.
Aiming: Ensorcelled Hibernation
Press: ? - help, Shift-Dir - straight line, f/p - adder
Aim: an adder (moderately wounded, chance to defeat MR: 50%)
The adder resists with some effort.
The adder closely misses you. The giant cockroach bites you.
* * * LOW HITPOINT WARNING * * *
The adder bites you.
You die...

##### #...# ##### ######## #...#
##...## #......#####...###.###.##
#.####.##.........#####.#
#####.####.....S..........#.#
............#..s@.....##..#.#
............#......##..#...######
#####.#####....#...##.#...#......
##.# ##...###...#.##..#.#####
#..# #.............#..#÷# # #.##
#..#.).).#.....%.÷.# # #.#
#.##.._..##......### # #.#
#..#.).).#...##..# # #.#
#...........###..#### #


You could see an adder and a giant cockroach.

Vanquished Creatures
  An ooze (D:1)
  A dart slug (D:2)
  A leopard gecko (D:1)
  A giant cockroach (D:1)
  5 goblins
  2 hobgoblins (D:1)
  2 jackals (D:1)
  4 bats (D:1)
  2 kobolds (D:1)
  5 rats (D:1)
24 creatures vanquished.

Notes
Turn   | Place    | Note
-------+----------+-------------------------------------------
     0 | D:1      | grindst0ne the Vampire Enchanter began the quest for the Orb.
     0 | D:1      | Reached XP level 1. HP: 13/13 MP: 3/3
   323 | D:1      | Reached skill level 5 in Stealth
   327 | D:1      | Reached XP level 2. HP: 4/19 MP: 5/5
   334 | D:1      | Learned a level 2 spell: Ensorcelled Hibernation
   902 | D:1      | Reached skill level 5 in Hexes
  1157 | D:1      | Found an iron altar of Okawaru.
  1326 | D:1      | You fall through a shaft!
  1912 | D:2      | Reached XP level 3. HP: 20/24 MP: 1/6
  2102 | D:1      | Slain by an adder

Vault maps used:
D:1:      eino_arrival_cavern_c, okawaru_ov_weapons_minmay
D:2:      lemuel_crystal_altar, first_bread

Skill      XL: |  1  2 |
---------------+-------+-----
Stealth        | 5 |  5.5
Hexes          | 5 |  5.4
Short Blades   | |  1.1
Dodging        | |  2.1
Spellcasting   | |  2.0

Action                   || total
-------------------------++-------
Melee: Dagger            ||    90
       Bite              ||     8
       Unarmed           ||     2
 Cast: Ensorcelled Hiber ||    17
 Abil: End Transformatio ||     1
       Bat Form          ||     1
 Stab: Sleeping          ||     5
Armor: Robe              ||    26
Dodge: Dodged            ||    78
